 Dungeon Crawl Stone Soup version 0.19-a0-981-gaae9137 (webtiles) character file.

241 mistymad the Poker (level 6, -3/49 HPs)
             Began as a Merfolk Monk on July 15, 2016.
             Was a Believer of Fedhas.
             Slain by an ogre
             ... wielding a +0 giant spiked club
              (11 damage)
             ... on level 4 of the Dungeon.
             The game lasted 00:07:16 (4019 turns).

mistymad the Poker (Merfolk Monk)                   Turns: 4019, Time: 00:07:17

Health: -3/49      AC:  5    Str: 13    XL:     6   Next: 8%
Magic:  6/6        EV: 12    Int:  9    God:    Fedhas [**....]
Gold:   234        SH:  0    Dex: 17    Spells: 0 memorised, 5 levels left

rFire  . . .     SeeInvis .     a - +1 spear
rCold  . . .     Gourm    .     j - +0 leather armour
rNeg   . . .     Faith    .     (no shield)
rPois  .         Spirit   .     o - +0 helmet
rElec  .         Dismiss  .     i - +0 cloak
rCorr  .         Reflect  .     (no gloves)
SustAt .         Harm     .     (no boots)
MR     .....                    (no amulet)
Stlth  +.........               (no ring)
                                (no ring)

@: lethally poisoned (-3 -> -3), very heavily drained, not resistant to hostile
enchantments, very unstealthy
A: change form in water, swift swim
a: Evolution, Sunlight, Renounce Religion


You were on level 4 of the Dungeon.
You worshipped Fedhas.
Fedhas was pleased with you.
You were hungry.

You visited 1 branch of the dungeon, and saw 4 of its levels.

You collected 234 gold pieces.

Inventory:

Hand Weapons
 a - a +1 spear (weapon)
Armour
 i - a +0 cloak (worn)
 j - a +0 leather armour (worn)
 o - a +0 helmet (worn)
Jewellery
 e - an uncursed amulet of magic regeneration
 h - an uncursed ring of fire {unknown}
 k - an uncursed amulet of rage {unknown}
Scrolls
 m - 3 scrolls of remove curse
Potions
 b - a potion of magic
Comestibles
 c - 3 bread rations
 d - 2 royal jellies
 f - a beef jerky
 g - a slice of pizza
 l - 2 meat rations


   Skills:
 + Level 4.7(1.8) Fighting
 + Level 5.9(2.8) Polearms
 + Level 1.8(0.0) Armour
 + Level 5.5(2.5) Dodging
 - Level 2.1(0.0) Stealth


You had 5 spell levels left.
You didn't know any spells.

Dungeon Overview and Level Annotations

Branches:
Dungeon (4/15)
 Temple: D:4-7

Altars:
Fedhas
Gozag
Hepliaklqana
Zin

Annotations:
D:2 exclusion: 2 doors


Message History

You feel sick. The ogre barely misses you.
You barely miss the ogre.
The ogre is moderately wounded.
You closely miss the ogre.
The ogre is moderately wounded.
The ogre hits you with a giant spiked club.
* * * LOW HITPOINT WARNING * * *
You take 6 damage, and have 9/49 hp.
You hit the ogre.
The ogre is moderately wounded.
The ogre misses you.
You hit the ogre but do no damage.
The ogre is moderately wounded.
You feel sick.
You take 1 damage, and have 8/49 hp.
You hit the ogre but do no damage.
The ogre is moderately wounded.
The ogre hits you with a giant spiked club!
You die...
Fedhas appreciates your contribution to the ecosystem.

#.#.'.._..'......
#.###≈#.#≈#.#####
#.# #≈≈≈≈≈###
###.# #######
#...# #...# #...#
#####.## #...O@#
#.#####


You could see an ogre.

Vanquished Creatures
  Crazy Yiuf (D:2)
  An orc wizard (D:3)
  A giant frog skeleton (D:4)
  Terence (D:2)
  Robin (D:3)
  5 adders
  An ooze (D:1)
  A worm (D:3)
  A giant gecko (D:3)
  4 orcs (D:3)
  A ball python (D:2)
  A giant cockroach (D:2)
  9 goblins
  9 hobgoblins
  4 jackals (D:1)
  11 kobolds
  7 bats
  4 giant newts
  5 rats
68 creatures vanquished.

Notes
Turn   | Place    | Note
-------+----------+-------------------------------------------
     0 | D:1      | mistymad the Merfolk Monk began the quest for the Orb.
     0 | D:1      | Reached XP level 1. HP: 18/18 MP: 1/1
   160 | D:1      | Reached XP level 2. HP: 23/24 MP: 2/2
  1045 | D:1      | Reached XP level 3. HP: 29/29 MP: 3/3
  1195 | D:2      | Noticed Terence
  1281 | D:2      | Found a hazy altar of Hepliaklqana.
  1327 | D:2      | Found a runed door.
  1486 | D:2      | Found an opulent altar of Gozag.
  1487 | D:2      | Found a glowing silver altar of Zin.
  1658 | D:2      | Reached skill level 5 in Polearms
  1721 | D:2      | Noticed Crazy Yiuf
  1739 | D:2      | Killed Crazy Yiuf
  1739 | D:2      | Reached skill level 1 in Armour
  1739 | D:2      | Reached XP level 4. HP: 17/37 MP: 4/4
  1954 | D:2      | Killed Terence
  2218 | D:3      | Reached skill level 5 in Dodging
  2218 | D:3      | Reached XP level 5. HP: 13/42 MP: 5/5
  3020 | D:3      | Noticed Robin
  3073 | D:3      | HP: 2/43 [Robin/dagger of draining (4)]
  3077 | D:3      | Killed Robin
  3173 | D:3      | HP: 2/43 [poisoned by a kobold]
  3831 | D:4      | Reached XP level 6. HP: 16/49 MP: 6/6
  3985 | D:4      | Found a blossoming altar of Fedhas.
  3990 | D:4      | Became a worshipper of Fedhas Madash
  3990 | D:4      | Reached * piety under Fedhas
  3990 | D:4      | Reached ** piety under Fedhas
  4019 | D:4      | Slain by an ogre

Vault maps used:
D:1:      sevenhm_arrival_forest_fort_large_4, minmay_cupped
D:2:      grunt_temple_overflow_gold_and_silver, old_standard_altar,
          kennysheep_big_empty_room, uniq_crazy_yiuf_cottage, uniq_terence
D:3:      uniq_robin
D:4:      kennysheep_little_box, gup_sewer_entry_pipe

Skill      XL: |  1  2  3  4 |
---------------+-------------+-----
Polearms       | 5 |  5.9
Armour         | 1 |  1.8
Fighting       | 4 |  4.7
Dodging        | 5 |  5.5
Stealth        | |  2.1

Action                   |  1- 3 |  4- 6 || total
-------------------------+-------+-------++-------
Melee: Spear             |   156 |   268 ||   424
  Use: Scroll            |     8 |     2 ||    10
       Potion            |       |     4 ||     4
 Stab: Sleeping          |     6 |     3 ||     9
  Eat: Chunk             |     1 |     4 ||     5
       Bread ration      |       |     1 ||     1
Armor: Leather armour    |    20 |    43 ||    63
Dodge: Dodged            |    98 |   128 ||   226
